 Dungeon Crawl Stone Soup version 0.27-a0-965-gbf8bb431c4 (webtiles) character file.

Game seed: 6717654781817502493

101 Anon1729 the Insei (level 4, 0/33 HPs)
             Began as a Djinni Transmuter on Apr 12, 2021.
             Slain by a phantom (10 damage)
             ... on level 6 of the Dungeon.
             The game lasted 00:03:51 (2207 turns).

Anon1729 the Insei (Djinni Transmuter)              Turns: 2207, Time: 00:03:52

Health: 0/33       AC:  3    Str:  9    XL:     4   Next: 75%
Gold:   26         EV: 13    Int: 16    God:
                   SH:  0    Dex: 13

rFire    + + .     SeeInvis .     - Unarmed
rCold    x . .     Faith    .   (no shield)
rNeg     . . .     Spirit   .   a - +1 robe
rPois    ∞         Reflect  .   (no helmet)
rElec    .         Harm     .   (no cloak)
rCorr    .         Rampage  .   (no gloves)
Will     .....                  (boots unavailable)
Stlth    +.........             (no amulet)
HPRegen  0.11/turn              b - +4 ring of slaying
MPRegen  0.00/turn              (no ring)

@: attractive, flying
A: fire resistance 2, cold vulnerability 1, float, innate caster, hp casting,
extra vitality 1
a: no special abilities


You were on level 6 of the Dungeon.
You visited 1 branch of the dungeon, and saw 5 of its levels.

You collected 125 gold pieces.
You spent 99 gold pieces at shops.

Inventory:

Armour
 a - a +1 robe (worn)
Jewellery
 b - a +4 ring of slaying (left hand)
 l - an amulet of magic regeneration
Scrolls
 f - a scroll of identify {unknown}
 h - a scroll of holy word
 i - a scroll of teleportation {unknown}
 j - a scroll of fog
 k - a scroll of blinking {unknown}


   Skills:
 + Level 2.1 Fighting
 + Level 3.1 Dodging
 + Level 3.6 Unarmed Combat
 * Level 2.6 Spellcasting


You couldn't memorise any spells.
You knew the following spells:

 Your Spells              Type           Power      Damage    Failure   Level
a - Beastly Appendage     Tmut           20%        N/A       6%          1
b - Wereblood             Tmut           10%        N/A       10%         2
c - Spider Form           Tmut/Pois      5%         N/A       19%         3
d - Ice Form              Ice/Tmut       10%        N/A       54%         4
e - Hydra Form            Tmut           5%         N/A       87%         5
f - Foxfire               Conj/Fire      40%        2x1d6     6%          1
Your spell library was empty.

Dungeon Overview and Level Annotations

Branches:
Dungeon (6/15)
 Temple: D:4-7

Altars:
Gozag

Shops:
D:2 *?   D:3 [

Annotations:
D:3 2 transporters, Lanoc's ghost, amateur DEFE
D:5 Duvessa


Innate Abilities, Weirdness & Mutations

You are immune to poison.
Your flesh is very heat resistant. (rF++)
You are vulnerable to cold. (rC-)
You float through the air rather than walking.
You learn spells naturally, not from books.
Your magical power is your life essence.
You have superior vitality. (+4 HP)


Message History

Found 16 sling bullets and a scale mail.
Your transformation is almost over.
Found an escape hatch in the floor.
Found two stone staircases leading down.
Duvessa gestures with her weapon.
The phantom hits you!
The phantom blinks!
You blink.
There is an escape hatch in the floor here.
The phantom barely misses you.
You fly downwards.
The hatch slams shut behind you.
A water moccasin zombie comes into view.
Found a scroll of fog and a scroll labelled SAPAJOU GANG.
Found a stone staircase leading up.
You see here 17 gold pieces.
The phantom hits you!
You see here a scroll labelled SAPAJOU GANG.
Your transformation has ended.
Your +0 robe unmelds from your body.
You reach down and open the door.
The phantom hits you.
The phantom blinks!
You blink.
The phantom hits you.
* * * LOW HITPOINT WARNING * * *
The phantom blinks!
You blink.
The phantom barely misses you.
You aren't carrying any items that you can evoke.
It was a potion of attraction.
You feel attractive to monsters.
The phantom hits you but does no damage.
It was a potion of curing.
You feel better. The phantom barely misses you.
You aren't carrying any potions.
Unknown command.
As you read the scroll labelled OGUES KORO MET, it crumbles to dust.
You assume a fearsome visage.
The water moccasin zombie is unaffected.
The phantom is unaffected.
It was a scroll of fear.
The phantom hits you!
The phantom blinks!
You blink.
The water moccasin zombie is pulled toward you!
As you read the scroll labelled VOIFUNK ZYVI, it crumbles to dust.
It is a scroll of enchant armour.
Your +0 robe glows green for a moment.
The phantom hits you!
You die...

#.....?.# .......
#..$# ..... #?###
... #.# #'# #.#
#.# #.# ######.#
#.# #......##
#.#######.#.....##
#.§§..ZW@...#....#
#########.#.....##
#.##.#.## #.##.#.#
#....... #########


You could see a phantom and a water moccasin zombie.

Vanquished Creatures
  3 adders
  3 gnolls (D:2)
  2 endoplasms
  2 giant cockroaches (D:2)
  7 hobgoblins
  2 jackals (D:1)
  A kobold (D:1)
  2 quokkas
  7 bats
  6 frilled lizards
  4 goblins
  3 rats
42 creatures vanquished.

Notes
Turn   | Place    | Note
-------+----------+-------------------------------------------
     0 | D:1      | Anon1729 the Djinni Transmuter began the quest for the Orb.
     0 | D:1      | Reached XP level 1. HP: 17/17 MP: 0/0
   235 | D:1      | Reached XP level 2. HP: 21/22 MP: 0/0
   983 | D:2      | Reached XP level 3. HP: 26/27 MP: 0/0
   983 | D:2      | Learned a level 1 spell: Foxfire
  1175 | D:2      | Reached XP level 4. HP: 19/33 MP: 0/0
  1675 | D:2      | Found an opulent altar of Gozag.
  1691 | D:2      | Found Roskaest's Assorted Antiques.
  1747 | D:2      | Bought a scroll labelled ETIKAH NAAPP for 25 gold pieces
  1747 | D:2      | Bought a scroll labelled ETIKAH NAAPP for 25 gold pieces
  1747 | D:2      | Bought a scroll labelled CUIXZITOMN for 25 gold pieces
  1804 | D:2      | Found Joag's Magic Scroll Emporium.
  1809 | D:2      | Bought a scroll of fog for 24 gold pieces
  1965 | D:3      | Found Ydgholopn's Armour Shoppe.
  2131 | D:3      | Noticed Lanoc's ghost (amateur DEFE)
  2134 | D:3      | Found a transporter.
  2142 | D:3      | Found a transporter.
  2150 | D:3      | You are sucked into a shaft and drop 2 floors!
  2150 | D:5      | Entered Level 5 of the Dungeon
  2156 | D:5      | Noticed an ogre
  2158 | D:5      | Noticed Duvessa
  2164 | D:5      | Noticed a phantom
  2207 | D:6      | Slain by a phantom

Illustrated notes

Levels and vault maps discovered:
D:1:      ebering_trefoil_3fold, layout_loops_cross,
          ebering_ecumenical_altar_ruins, chequers_serial_rivers_micro_d
D:2:      layout_basic, serial_shops, shop, shop, basic_altar
D:3:      layout_basic, serial_shops, nicolae_shop_behind_doors,
          gammafunk_ghost_arena, hex_medium, minmay_starry_boxes, uniq_sigmund
D:5:      due_chaos_kobolds, layout_cave_pools, temple_pool_b, uniq_duvessa
D:6:      layout_loops_corners

Skill      XL: |  1  2  3  4 |
---------------+-------------+-----
Spellcasting   | 2 |  2.6
Fighting       | 2 |  2.1
Dodging        | 3 |  3.1
Unarmed Combat | |  3.6

Action                   |  1- 3 |  4- 6 || total
-------------------------+-------+-------++-------
Melee: Unarmed           |    70 |    39 ||   109
       Headbutt          |     4 |     2 ||     6
 Cast: Beastly Appendage |    11 |     7 ||    18
       Spider Form       |     2 |     2 ||     4
  Use: Scroll            |       |     3 ||     3
       Potion            |       |     2 ||     2
 Stab: Sleeping          |     1 |     2 ||     3
Armor: Robe              |    12 |    10 ||    22
       Skin              |     1 |       ||     1
Dodge: Dodged            |    48 |    30 ||    78

Table legend: (Time is in decaauts)
 A = Elapsed time spent in this place.
 B = Non-inter-level travel time spent in this place.
 C = Inter-level travel time spent in this place.
 D = Time resting spent in this place.
 E = Time spent auto-exploring this place.
 F = Levels seen in this place.
 G = Mean time per level.
                   A        B        C        D        E       F      G
               +--------+--------+--------+--------+--------+-----+--------+
         Total |   2199 |   2196 |      3 |    152 |   1667 |   5 |  439.8 |
       Dungeon |   2199 |   2196 |      3 |    152 |   1667 |   5 |  439.8 |
               +--------+--------+--------+--------+--------+-----+--------+

Top non-repeatable levels by time:
     D:2: 1095 daAuts
     D:1: 798 daAuts
     D:3: 248 daAuts
     D:6: 35 daAuts
     D:5: 20 daAuts
